 Dungeon Crawl Stone Soup version 0.29.1-14-g9c671dbff4 (webtiles) character file.

Game seed: 8835035337647488094

86 BeingJoeMalik the Caller (level 4, -2/24 HPs)
             Began as a Tengu Summoner on Feb 12, 2023.
             Killed from afar by Natasha (6 damage)
             ... with a puff of flame
             ... on level 3 of the Dungeon.
             The game lasted 00:08:34 (3311 turns).

BeingJoeMalik the Caller (Tengu Summoner)           Turns: 3311, Time: 00:08:34

Health: -2/24      AC:  2    Str:  8    XL:     4   Next: 50%
Magic:  5/8        EV: 12    Int: 18    God:
Gold:   121        SH:  0    Dex: 14    Spells: 3/7 levels left

rFire   . . .      SeeInvis .   i - +2 short sword (freeze)
rCold   . . .      Faith    .   (no shield)
rNeg    . . .      Spirit   .   a - +0 robe
rPois   .          Reflect  .   (helmet restricted)
rElec   .          Harm     .   (no cloak)
rCorr   .          Rampage  .   (no gloves)
Will    .....                   (boots unavailable)
Stlth   ++........              (no amulet)
HPRegen 0.08/turn               (no ring)
MPRegen 0.11/turn               (no ring)

@: no status effects
A: beak, talons 3
a: no special abilities


You were on level 3 of the Dungeon.
You visited 1 branch of the dungeon, and saw 3 of its levels.

You collected 121 gold pieces.

Inventory:

Hand Weapons
 i - a +2 short sword of freezing (weapon)
Missiles
 h - 2 poisoned darts
Armour
 a - a +0 robe (worn)
Scrolls
 c - 4 scrolls of identify {unknown}
 d - 2 scrolls of teleportation {unknown}
 f - a scroll of torment {unknown}
Potions
 b - a potion of magic
 e - 2 potions of heal wounds {unknown}
 g - a potion of might {unknown}
 j - a potion of degeneration {unknown}


   Skills:
 - Level 2.1 Dodging
 - Level 2.0 Stealth
 + Level 2.0 Spellcasting
 + Level 7.0 Summonings


You had 3 spell levels left.
You knew the following spells:

 Your Spells              Type           Power      Damage    Failure   Level
a - Summon Small Mammal   Summ           100%       N/A       1%          1
b - Call Imp              Summ           27%        N/A       1%          2
c - Shock                 Conj/Air       4%         1d3       19%         1

Your spell library contained the following spells:

 Spells                   Type           Power      Damage    Failure   Level
 Call Canine Familiar     Summ           27%        N/A       3%          3
 Summon Guardian Golem    Hex/Summ       14%        N/A       13%         3
 Portal Projectile        Hex/Tloc       2%         N/A       47%         3
 Swiftness                Air            1%         N/A       47%         3
 Summon Lightning Spire   Summ/Air       14%        N/A       38%         4
 Airstrike                Air            0%         2d(1-17)  87%         4
 Leda's Liquefaction      Hex/Erth       0%         N/A       87%         4
 Lightning Bolt           Conj/Air       0%         1d11      99%         5
 Malign Gateway           Summ/Tloc      7%         N/A       100%        7
 Summon Horrible Things   Summ           13%        N/A       100%        8


Dungeon Overview and Level Annotations

Branches:
Dungeon (3/15)

Altars:
Cheibriados

Annotations:
D:3 1 runed translucent door, Crazy Yiuf, Natasha


Innate Abilities, Weirdness & Mutations

You have a beak for a mouth.
You have claws for feet.


Message History

The giant cockroach bites your quokka but does no damage.
Your quokka barely misses the giant cockroach.
The giant cockroach closely misses your quokka.
Your quokka closely misses the giant cockroach.
The giant cockroach barely misses your quokka.
Your quokka bites the giant cockroach.
The giant cockroach bites your quokka but does no damage.
Your quokka closely misses the giant cockroach.
The giant cockroach closely misses your quokka.
Your quokka barely misses the giant cockroach.
The giant cockroach closely misses your quokka.
Your quokka closely misses the giant cockroach.
The giant cockroach barely misses your quokka.
Your quokka bites the giant cockroach but does no damage.
The giant cockroach barely misses your quokka.
Your quokka bites the giant cockroach.
The giant cockroach dies!
You swap places.
You swap places.
Your quokka disappears in a puff of smoke!
Found a hammer.
Found a runed translucent door.
Crazy Yiuf shouts!
You swap places.
Your white imp disappears in a puff of smoke!
Found a stone staircase leading down.
Casting: Summon Small Mammal (safe; 1% risk of failure)
Confirm with . or Enter, or press ? or * to list all spells.
A beastly little devil appears in a puff of frigid air.
Natasha hisses angrily.
Natasha barely misses you.
Unknown command.
Natasha claws you!
Casting: Call Imp (safe; 1% risk of failure)
Confirm with . or Enter, or press ? or * to list all spells.
Natasha claws you!
Unknown command.
Natasha attacks as you move away! Natasha claws you.
* * * LOW HITPOINT WARNING * * *
Natasha zaps a wand.
The puff of flame hits you.
You die...

...# #.#.#h# ...#
#.#.#.# ...# #.#.#K#
>### #.## #.#.#.# ....
#.# #.#.#.#####.... #.#
#.#............ #.#
#.###.#....######
#.####.# #.#.#...r...#
.......# #.#.#.#@###.#.#
..########.#...5........
......#........#h###.#.#
.####.#.###....#.# .#
#.#.###....#.#
)####.#.#......#.#
.#....#.#.#.#..#.#
##.####.#.#.#..#.# #.#
#.#.#....#.#


You could see Natasha (ally target), a friendly white imp (summoned) and a
friendly quokka (summoned).

Vanquished Creatures
  An orc (D:3)
  3 bats
  An endoplasm (D:1)
  2 hobgoblins (D:2)
  A frilled lizard (D:1)
  A kobold (D:2)
9 creatures vanquished.

Vanquished Creatures (collateral kills)
  Terence (D:3)
  2 adders
  An orc (D:3)
  2 endoplasms
  A giant cockroach (D:3)
  4 goblins
  3 hobgoblins
  7 kobolds
  2 quokkas
  3 ball pythons (D:1)
  A bat (D:2)
  4 rats
31 creatures vanquished.

Vanquished Creatures (others)
  A plant (D:1)
1 creature vanquished.

Grand Total: 41 creatures vanquished

Notes
Turn   | Place    | Note
-------+----------+-------------------------------------------
     0 | D:1      | BeingJoeMalik the Tengu Summoner began the quest for the
                  | Orb.
     0 | D:1      | Reached XP level 1. HP: 10/10 MP: 4/4
    64 | D:1      | Reached skill level 5 in Summonings
   171 | D:1      | Reached XP level 2. HP: 15/15 MP: 4/6
   457 | D:1      | Learned a level 2 spell: Call Imp
   459 | D:1      | Learned a level 1 spell: Shock
   908 | D:2      | Reached skill level 6 in Summonings
   908 | D:2      | Reached XP level 3. HP: 7/19 MP: 3/7
  2544 | D:3      | Found a snail-covered altar of Cheibriados.
  2568 | D:3      | Noticed Natasha
  2904 | D:3      | Noticed Terence
  2972 | D:3      | Killed Terence
  2973 | D:3      | Reached XP level 4. HP: 18/24 MP: 0/8
  3093 | D:3      | Reached skill level 7 in Summonings
  3258 | D:3      | Found a runed translucent door.
  3259 | D:3      | Noticed Crazy Yiuf
  3311 | D:3      | Killed from afar by Natasha

Illustrated notes

Levels and vault maps discovered:
D:1:      spicycebolla_arrival_clurvy, layout_rooms
D:2:      layout_basic
D:3:      layout_basic, lemuel_crystal_altar, corexii_item_surrounded_by_moat,
          uniq_crazy_yiuf_cottage, uniq_natasha, uniq_terence

Skill      XL: |  1  2  3  4 |
---------------+-------------+-----
Summonings     | 5 6 7 |  7.0
Dodging        | |  2.1
Stealth        | |  2.0
Spellcasting   | |  2.0

Action                   |  1- 3 |  4- 6 || total
-------------------------+-------+-------++-------
Melee: Unarmed           |    19 |       ||    19
       Kick              |     3 |     2 ||     5
       Short sword       |     8 |     5 ||    13
       Peck              |     3 |       ||     3
 Cast: Summon Small Mamm |    63 |     7 ||    70
       Shock             |     1 |       ||     1
       Call Imp          |       |     2 ||     2
  Use: Potion            |     1 |       ||     1
Armor: Robe              |    16 |       ||    16
Dodge: Dodged            |    31 |     4 ||    35
